 Dungeon Crawl Stone Soup version 0.21.1-1-g345015f (webtiles) character file.

88 Mesmaeker13 the Magician (level 4, 0/33 HPs)
             Began as a Demigod Wanderer on Mar 26, 2018.
             Slain by an orc
             ... wielding a +0 flail
              (9 damage)
             ... on level 2 of the Dungeon.
             The game lasted 00:05:21 (2549 turns).

Mesmaeker13 the Magician (Demigod Wanderer)         Turns: 2549, Time: 00:05:22

Health: 0/33       AC:  3    Str: 14    XL:     4   Next: 9%
Magic:  3/11       EV: 12    Int: 22    God:
Gold:   194        SH:  0    Dex: 12    Spells: 6/9 levels left

rFire    . . .     SeeInvis .   e - +0 spear (flame)
rCold    . . .     Gourm    .   (no shield)
rNeg     . . .     Faith    .   d - +0 robe
rPois    .         Spirit   .   (no helmet)
rElec    .         Reflect  .   (no cloak)
rCorr    .         Harm     .   (no gloves)
MR       .....                  g - +0 pair of boots
Stlth    +.........             (no amulet)
HPRegen  0.11/turn              (no ring)
MPRegen  0.12/turn              (no ring)

@: very slightly contaminated
A: high mp 1
a: no special abilities


You were on level 2 of the Dungeon.
You were not hungry.

You visited 1 branch of the dungeon, and saw 3 of its levels.

You collected 194 gold pieces.

Inventory:

Hand Weapons
 e - a +0 spear of flaming (weapon)
Armour
 d - a +0 robe (worn)
 g - a +0 pair of boots (worn)
Jewellery
 h - an uncursed ring of stealth {unknown}
 i - an uncursed amulet of harm {unknown}
Scrolls
 j - 2 scrolls of amnesia {unknown}
 k - a scroll of magic mapping {unknown}
 m - a scroll of teleportation {unknown}
 o - 2 scrolls of random uselessness {unknown}
 p - 4 scrolls of remove curse {unknown}
Potions
 b - 3 potions of lignification
 c - 2 potions of curing
 l - a potion of flight {unknown}
 n - a potion of heal wounds {unknown}
Books
 a - a book of Minor Magic

   Spells                             Type                      Level
   a - Magic Dart                     Conjuration                  1
   b - Blink                          Translocation                2
   c - Call Imp                       Summoning                    2
   d - Slow                           Hexes                        2
   e - Conjure Flame                  Conjuration/Fire             3
   f - Mephitic Cloud                 Conjuration/Poison/Air       3
Comestibles
 f - 5 rations
 q - 4 chunks of flesh


   Skills:
   Level 1.0 Axes
 - Level 1.0 Throwing
 - Level 1.7 Armour
 + Level 2.2 Dodging
   Level 1.0 Shields
 - Level 3.2 Spellcasting
 + Level 1.6 Conjurations
 + Level 1.1 Summonings
   Level 1.0 Translocations


You had 6 spell levels left.
You knew the following spells:

 Your Spells              Type           Power        Failure   Level  Hunger
a - Magic Dart            Conj           ##..         6%          1    None
b - Call Imp              Summ           #.......     12%         2    ##.....


Dungeon Overview and Level Annotations

Branches:
Dungeon (3/15)


Innate Abilities, Weirdness & Mutations

You have an increased reservoir of magic. (+10% MP)


Message History

Casting: Magic Dart
Confirm with . or Enter, or press ? or * to list all spells.
Aiming: Magic Dart
Press: ? - help, Shift-Dir - straight line, f/p - orc
Aim: an orc, wielding a flail and wearing a scale mail The magic dart hits the orc.
The orc barely misses you.
Casting: Magic Dart
Confirm with . or Enter, or press ? or * to list all spells.
Aiming: Magic Dart
Press: ? - help, Shift-Dir - straight line, f/p - orc
Aim: an orc, wielding a flail and wearing a scale mail The magic dart hits the orc.
The orc hits you with a flail!
* * * LOW HITPOINT WARNING * * *
Casting: Magic Dart
Confirm with . or Enter, or press ? or * to list all spells.
Aiming: Magic Dart
Press: ? - help, Shift-Dir - straight line, f/p - orc
Aim: an orc, wielding a flail and wearing a scale mail The magic dart hits the orc.
The orc hits you with a flail!
You die...

######.#.#########..####.# #.#
.....#.#.## #..# #.# #.#
####.#....## #..# #.# #.#
####.#..#..#######..####.###.#
.......##........#..##.......#
####.#..#.#....>....##.#.#####
####.##.....####...<...#.########
.....###.#..######.#####......รทรท.
###### #........@o.# ##########
###..######## ######..# #.......#
#.#####.# #.# #.# ########## #.#
#.# #(.......########## #.#
#.###.######.#......... #.# #...#.#
#.#.########


You could see an orc.

Vanquished Creatures
  A worker ant (D:2)
  An ooze (D:2)
  4 dart slugs
  2 orcs
  2 bats (D:1)
  4 giant cockroaches
  5 goblins (D:1)
  7 hobgoblins
  9 jackals
  A ball python (D:1)
  4 frilled lizards
  3 kobolds
  5 rats
48 creatures vanquished.

Notes
Turn   | Place    | Note
-------+----------+-------------------------------------------
     0 | D:1      | Mesmaeker13 the Demigod Wanderer began the quest for the Orb.
     0 | D:1      | Mesmaeker13 set off with: a book of Minor Magic, a potion of lignification, a potion of curing, a +0 robe, a +0 club, a ration
     0 | D:1      | Reached XP level 1. HP: 14/14 MP: 6/6
    77 | D:1      | Learned a level 1 spell: Magic Dart
   607 | D:1      | Reached skill level 1 in Dodging
   684 | D:1      | Reached XP level 2. HP: 20/20 MP: 4/8
   739 | D:1      | Reached skill level 3 in Spellcasting
  1596 | D:2      | Reached XP level 3. HP: 24/26 MP: 5/10
  1624 | D:2      | Learned a level 2 spell: Call Imp
  1955 | D:2      | Found a shattered altar of Ashenzari.
  2043 | D:2      | Reached skill level 1 in Summonings
  2338 | D:2      | Reached XP level 4. HP: 31/33 MP: 6/11
  2549 | D:2      | Slain by an orc

Skill      XL: |  1  2  3 |
---------------+----------+-----
Dodging        | 1 2 |  2.2
Spellcasting   | 3 |  3.2
Summonings     | 1 |  1.1
Axes           | |  1.0
Throwing       | |  1.0
Armour         | |  1.7
Shields        | |  1.0
Conjurations   | |  1.6
Translocations | |  1.0

Action                   |  1- 3 |  4- 6 || total
-------------------------+-------+-------++-------
Melee: Club              |    10 |       ||    10
       Dagger            |     1 |       ||     1
       Spear             |    89 |    12 ||   101
 Cast: Magic Dart        |    73 |    10 ||    83
  Use: Potion            |     1 |       ||     1
 Stab: Sleeping          |     1 |       ||     1
  Eat: Chunk             |     4 |     1 ||     5
Armor: Robe              |    16 |     1 ||    17
       Skin              |    15 |       ||    15
Dodge: Dodged            |    68 |     4 ||    72
